NCAA
PROVIDENCE FRIARS @ TEXAS CHRISTIAN HORNED FROGS
05/31/2026
 
TOP OF THE 1ST
Providence Friars batting - Pitching for Texas Christian Horned Frogs : LHP Brian Brown
Pitching: LHP Brian Brown
Batting: RHB Kyle Baylor 0-0: Ball
1-0: Ball
2-0: Foul Ball, location: 2F
2-1: Ball
3-1: Ground out 6-3 (Groundball, 6)
Batting: RHB Eugene Ackerman 0-0: Called Strike
0-1: Ball
1-1: Swinging Strike
1-2: Ball
2-2: Strikes out swinging
Batting: RHB Albert Cordero 0-0: Foul Ball, location: 2F
0-1: Foul Ball, location: 2F
0-2: Ground out 6-3 (Groundball, 6)
Top of the 1st over - 0 run(s), 0 hit(s), 0 error(s), 0 left on base; Providence 0 - Texas Christian 0
BOTTOM OF THE 1ST
Texas Christian Horned Frogs batting - Pitching for Providence Friars : RHP Lorne McCoy
Pitching: RHP Lorne McCoy
Batting: RHB Francisco Fernández 0-0: Ball
1-0: Ball
2-0: Fly out, F4 (Line Drive, 4D)
Batting: SHB Robbie Rhodes 0-0: Called Strike
0-1: Called Strike
0-2: Ball
1-2: Ball
2-2: Ball
3-2: Base on Balls
Batting: LHB Ryan Flynn 0-0: Swinging Strike
0-1: Called Strike
0-2: Ball
1-2: Foul Ball, location: 2F
1-2: Strikes out swinging
Batting: RHB Anthony Walsh 0-0: Ball
1-0: Ball
2-0: Ball
3-0: Called Strike
3-1: Called Strike
3-2: 2-RUN HOME RUN (Flyball, 7D), Distance : 398 ft
Batting: LHB Paul Lee 0-0: Ball
1-0: Called Strike
1-1: Foul Ball, location: 2F
1-2: Foul Ball, location: 2F
1-2: Ball
2-2: Foul Ball, location: 2F
2-2: Foul Ball, location: 2F
2-2: SINGLE (Groundball, 4MD)
Batting: SHB Richie Gallegos 0-0: Fly out, F7 (Flyball, 7M)
Bottom of the 1st over - 2 run(s), 2 hit(s), 0 error(s), 1 left on base; Providence 0 - Texas Christian 2
TOP OF THE 2ND
Providence Friars batting - Pitching for Texas Christian Horned Frogs : LHP Brian Brown
Batting: RHB Jorge Carrillo 0-0: Ball
1-0: Called Strike
1-1: Foul Ball, location: 2F
1-2: Foul Ball, location: 2F
1-2: Fly out, F4 (Popup, 89S)
Batting: RHB Victor Wilson 0-0: Ball
1-0: Ball
2-0: Fly out, F8 (Line Drive, 8RS)
Batting: RHB Larry Davis 0-0: Ball
1-0: Fly out, F5 (Line Drive, 5L)
Top of the 2nd over - 0 run(s), 0 hit(s), 0 error(s), 0 left on base; Providence 0 - Texas Christian 2
BOTTOM OF THE 2ND
Texas Christian Horned Frogs batting - Pitching for Providence Friars : RHP Lorne McCoy
Batting: RHB Stan Webb 0-0: Called Strike
0-1: Called Strike
0-2: SINGLE (Line Drive, 89S)
Batting: RHB Britt Short 0-0: Fly out, F4 (Popup, 3DF)
Batting: RHB José Reyes 0-0: Foul Ball, location: 2F
0-1: Foul Ball, location: 2F
0-2: Ball
1-2: Foul Ball, location: 2F
1-2: Foul Ball, location: 2F
1-2: Strikes out swinging
Batting: RHB Francisco Fernández 0-0: Called Strike
0-1: Called Strike
0-2: DOUBLE (Line Drive, 5D)
Stan Webb to third
Runner from 3rd tries for Home, throw and OUT!
Bottom of the 2nd over - 0 run(s), 2 hit(s), 0 error(s), 1 left on base; Providence 0 - Texas Christian 2
TOP OF THE 3RD
Providence Friars batting - Pitching for Texas Christian Horned Frogs : LHP Brian Brown
Batting: RHB Dan Rivera 0-0: Called Strike
0-1: Ball
1-1: Ball
2-1: Called Strike
2-2: Ball
3-2: Base on Balls
Batting: LHB Jorge Hernández 0-0: Ball
1-0: Called Strike
1-1: Ball
2-1: Ball
3-1: Called Strike
3-2: Base on Balls
Dan Rivera to second
Batting: LHB Arnold Stewart 0-0: Ball
Dan Rivera steals 3rd base
Jorge Hernández to second
1-0: Foul Ball, location: 2F
1-1: Swinging Strike
1-2: Ball
2-2: Strikes out swinging
Batting: RHB Kyle Baylor 0-0: Foul Ball, location: 2F
0-1: Foul Ball, location: 2F
0-2: Ball
1-2: Strikes out swinging
Batting: RHB Eugene Ackerman 0-0: Foul Ball, location: 2F
0-1: Foul Ball, location: 2F
0-2: Ball
1-2: Foul Ball, location: 2F
1-2: Foul Ball, location: 2F
1-2: Ball
2-2: Strikes out swinging
Top of the 3rd over - 0 run(s), 0 hit(s), 0 error(s), 2 left on base; Providence 0 - Texas Christian 2
BOTTOM OF THE 3RD
Texas Christian Horned Frogs batting - Pitching for Providence Friars : RHP Lorne McCoy
Batting: SHB Robbie Rhodes 0-0: Ball
1-0: Fly out, F5 (Popup, 13S)
Batting: LHB Ryan Flynn 0-0: Called Strike
0-1: Swinging Strike
0-2: Foul Ball, location: 2F
0-2: Strikes out swinging
Batting: RHB Anthony Walsh 0-0: Called Strike
0-1: Fly out, F9 (Flyball, 9LS)
Bottom of the 3rd over - 0 run(s), 0 hit(s), 0 error(s), 0 left on base; Providence 0 - Texas Christian 2
TOP OF THE 4TH
Providence Friars batting - Pitching for Texas Christian Horned Frogs : LHP Brian Brown
Batting: RHB Albert Cordero 0-0: Ball
1-0: Foul Ball, location: 2F
1-1: Foul Ball, location: 2F
1-2: Ball
2-2: DOUBLE (Flyball, 89D)
Batting: RHB Jorge Carrillo 0-0: Called Strike
0-1: Called Strike
0-2: Ball
1-2: Ball
2-2: Strikes out swinging
Batting: RHB Victor Wilson 0-0: Ball
1-0: Swinging Strike
1-1: Called Strike
1-2: Strikes out looking
Batting: RHB Larry Davis 0-0: Called Strike
0-1: Swinging Strike
0-2: Ball
1-2: Strikes out swinging
Top of the 4th over - 0 run(s), 1 hit(s), 0 error(s), 1 left on base; Providence 0 - Texas Christian 2
BOTTOM OF THE 4TH
Texas Christian Horned Frogs batting - Pitching for Providence Friars : RHP Lorne McCoy
Batting: LHB Paul Lee 0-0: Ball
1-0: Ball
2-0: Called Strike
2-1: SINGLE (Line Drive, 8LS)
Batting: SHB Richie Gallegos 0-0: Swinging Strike
0-1: Ball
1-1: Ball
2-1: Ball
3-1: Swinging Strike
3-2: Foul Ball, location: 2F
3-2: Foul Ball, location: 2F
3-2: Strikes out swinging
Batting: RHB Stan Webb 0-0: Called Strike
0-1: Foul Ball, location: 2F
0-2: SINGLE (Groundball, 34)
Paul Lee to second
Runner from 2nd tries for 3rd, SAFE, throw made to third
Batting: RHB Britt Short 0-0: Called Strike
0-1: Ball
1-1: Foul Ball, location: 2F
1-2: Strikes out swinging
Batting: RHB José Reyes 0-0: Called Strike
0-1: Foul Ball, location: 2F
0-2: Strikes out looking
Bottom of the 4th over - 0 run(s), 2 hit(s), 0 error(s), 2 left on base; Providence 0 - Texas Christian 2
TOP OF THE 5TH
Providence Friars batting - Pitching for Texas Christian Horned Frogs : LHP Brian Brown
Batting: RHB Dan Rivera 0-0: Ball
1-0: Ball
2-0: Ball
3-0: Called Strike
3-1: Fly out, F8 (Line Drive, 8RD)
Batting: LHB Jorge Hernández 0-0: Ball
1-0: Ball
2-0: Ball
3-0: Base on Balls
Batting: LHB Arnold Stewart 0-0: Called Strike
0-1: Foul Ball, location: 2F
0-2: Ball
1-2: Strikes out swinging
Pitching: RHP Roberto Marino
Batting: RHB Kyle Baylor 0-0: Called Strike
Throwing error on steal attempt, E2
Jorge Hernández to third
0-1: Ball
1-1: Foul Ball, location: 2F
1-2: Ball
2-2: Strikes out swinging
Top of the 5th over - 0 run(s), 0 hit(s), 1 error(s), 1 left on base; Providence 0 - Texas Christian 2
BOTTOM OF THE 5TH
Texas Christian Horned Frogs batting - Pitching for Providence Friars : RHP Lorne McCoy
Batting: RHB Francisco Fernández 0-0: Ball
1-0: Swinging Strike
1-1: Foul Ball, location: 2F
1-2: Strikes out swinging
Batting: SHB Robbie Rhodes 0-0: Called Strike
0-1: Foul Ball, location: 2F
0-2: SINGLE (Groundball, 56D)
Batting: LHB Ryan Flynn 0-0: Ball
1-0: Foul Ball, location: 2F
1-1: Called Strike
1-2: Ball
2-2: Ball
3-2: Strikes out swinging
Pitching: LHP Juan Martínez
Batting: RHB Anthony Walsh 0-0: Ball
1-0: Ball
2-0: Called Strike
2-1: Foul Ball, location: 2F
2-2: Foul Ball, location: 2F
2-2: Foul Ball, location: 2F
2-2: Strikes out swinging
Bottom of the 5th over - 0 run(s), 1 hit(s), 0 error(s), 1 left on base; Providence 0 - Texas Christian 2
TOP OF THE 6TH
Providence Friars batting - Pitching for Texas Christian Horned Frogs : RHP Roberto Marino
Batting: RHB Eugene Ackerman 0-0: Called Strike
0-1: Ball
1-1: Foul Ball, location: 2F
1-2: Strikes out looking
Batting: RHB Albert Cordero 0-0: Ball
1-0: Ball
2-0: Ground out 5-3 (Groundball, 15S)
Batting: RHB Jorge Carrillo 0-0: Ball
1-0: Called Strike
1-1: Called Strike
1-2: Reached on error, E5 (Groundball, 5)
Batting: RHB Victor Wilson 0-0: Ball
1-0: Swinging Strike
1-1: Called Strike
1-2: Ball
2-2: Ball
3-2: Strikes out swinging
Top of the 6th over - 0 run(s), 0 hit(s), 1 error(s), 1 left on base; Providence 0 - Texas Christian 2
BOTTOM OF THE 6TH
Texas Christian Horned Frogs batting - Pitching for Providence Friars : LHP Juan Martínez
Batting: LHB Paul Lee 0-0: Foul Ball, location: 2F
0-1: Swinging Strike
0-2: Ball
1-2: Strikes out swinging
Batting: SHB Richie Gallegos 0-0: Foul Ball, location: 2F
0-1: Swinging Strike
0-2: Foul Ball, location: 2F
0-2: Ball
1-2: Ball
2-2: Ball
3-2: Base on Balls
Batting: RHB Stan Webb 0-0: Ball
1-0: Called Strike
1-1: Swinging Strike
1-2: Foul Ball, location: 2F
1-2: Ball
2-2: Ball
3-2: Foul Ball, location: 2F
3-2: Foul Ball, location: 2F
3-2: SINGLE (Groundball, 34D)
Richie Gallegos to second
Runner from 2nd tries for 3rd, SAFE, throw made to third
Batting: RHB Britt Short 0-0: Swinging Strike
0-1: Ball
1-1: DOUBLE (Flyball, 89XD)
Richie Gallegos scores
Stan Webb to third
Batting: RHB José Reyes 0-0: Ball
1-0: Swinging Strike
1-1: Called Strike
1-2: Strikes out swinging
Batting: RHB Francisco Fernández 0-0: Called Strike
0-1: Swinging Strike
0-2: Ball
1-2: Ball
2-2: Foul Ball, location: 2F
2-2: Foul Ball, location: 2F
2-2: Ball
3-2: Foul Ball, location: 2F
3-2: Fly out, F7 (Flyball, 7LM)
Bottom of the 6th over - 1 run(s), 2 hit(s), 0 error(s), 2 left on base; Providence 0 - Texas Christian 3
TOP OF THE 7TH
Providence Friars batting - Pitching for Texas Christian Horned Frogs : RHP Roberto Marino
Batting: RHB Larry Davis 0-0: Ball
1-0: Called Strike
1-1: Swinging Strike
1-2: Strikes out swinging
Batting: RHB Dan Rivera 0-0: Called Strike
0-1: Ball
1-1: Swinging Strike
1-2: Strikes out swinging
Batting: LHB Jorge Hernández 0-0: Ball
1-0: Ball
2-0: Called Strike
2-1: Foul Ball, location: 2F
2-2: Ball
3-2: Base on Balls
Batting: LHB Arnold Stewart 0-0: Called Strike
0-1: Ball
1-1: Foul Ball, location: 2F
1-2: Ball
Jorge Hernández steals 2nd base
2-2: Foul Ball, location: 2F
2-2: Fly out, F1 (Popup, 13S)
Top of the 7th over - 0 run(s), 0 hit(s), 0 error(s), 1 left on base; Providence 0 - Texas Christian 3
BOTTOM OF THE 7TH
Texas Christian Horned Frogs batting - Pitching for Providence Friars : LHP Juan Martínez
Batting: SHB Robbie Rhodes 0-0: Called Strike
0-1: Swinging Strike
0-2: Ball
1-2: Foul Ball, location: 2F
1-2: Ball
2-2: Ground out 4-3 (Groundball, 4)
Pitching: RHP Lance Edgar
Batting: LHB Ryan Flynn 0-0: Ball
1-0: Ball
2-0: Ball
3-0: Base on Balls
Batting: RHB Anthony Walsh 0-0: Called Strike
Ryan Flynn steals 2nd base
0-1: Foul Ball, location: 2F
0-2: Fly out, F9 (Flyball, 89D)
Runner from 2nd tags up, SAFE at 3rd, no throw
Batting: LHB Paul Lee 0-0: Ball
1-0: Called Strike
1-1: Ball
2-1: Ground out U3 (Groundball, 3S)
Bottom of the 7th over - 0 run(s), 0 hit(s), 0 error(s), 1 left on base; Providence 0 - Texas Christian 3
TOP OF THE 8TH
Providence Friars batting - Pitching for Texas Christian Horned Frogs : RHP Roberto Marino
Pitching: RHP Hsin-pei Hong
Batting: RHB Kyle Baylor 0-0: SINGLE (Groundball, 6M)
Pitching: RHP Barry Mitchell
Batting: RHB Eugene Ackerman 0-0: Called Strike
0-1: Ball
1-1: Called Strike
1-2: Fly out, F2 (Popup, 2R)
Batting: RHB Albert Cordero 0-0: Ball
1-0: Ball
2-0: Foul Ball, location: 2F
2-1: Ball
3-1: Base on Balls
Kyle Baylor to second
Batting: RHB Jorge Carrillo 0-0: Called Strike
0-1: Called Strike
0-2: Strikes out swinging
Batting: RHB Victor Wilson 0-0: Ball
1-0: SINGLE (Groundball, 4MD)
Kyle Baylor to third
Albert Cordero to second
Runner from 3rd tries for Home, SAFE, no throw or cutoff
Pinch Hitting: RHB Rodrigo Carballeira 0-0: Foul Ball, location: 2F
0-1: Foul Ball, location: 2F
0-2: Ball
1-2: Strikes out swinging
Top of the 8th over - 1 run(s), 2 hit(s), 0 error(s), 2 left on base; Providence 1 - Texas Christian 3
BOTTOM OF THE 8TH
Texas Christian Horned Frogs batting - Pitching for Providence Friars : RHP Lance Edgar
Now in RF: Zach Baxter
Batting: SHB Richie Gallegos 0-0: Foul Ball, location: 2F
0-1: Swinging Strike
0-2: Ball
1-2: Foul Ball, location: 2F
1-2: Ball
2-2: Strikes out swinging passed ball, reaches first!
Batting: RHB Stan Webb 0-0: Ball
1-0: Bunted foul
1-1: Reached on error, E2 (Groundball, 23)
Richie Gallegos to third
Batting: RHB Britt Short 0-0: Intentional Walk
Batting: RHB José Reyes 0-0: Ball
1-0: Called Strike
1-1: Called Strike
1-2: SINGLE (Groundball, 56D)
Richie Gallegos scores
Stan Webb to third
Britt Short to second
Batting: RHB Francisco Fernández 0-0: SINGLE (Line Drive, 7S)
Stan Webb scores
Britt Short to third
José Reyes to second
Batting: SHB Robbie Rhodes 0-0: Ball
1-0: Ball
Wild Pitch!
Britt Short scores
José Reyes to third
Francisco Fernández to second
2-0: Fly out, F7 (Flyball, 7M)
2-0: Fly out, F7 (Flyball, 7M)
Pitching: RHP Steve Patterson
Batting: LHB Ryan Flynn 0-0: Swinging Strike
0-1: Foul Ball, location: 2F
0-2: Ball
1-2: Fly out, F7 (Flyball, 7LM)
Runner from 3rd tags up, SCORES, no throw
Batting: RHB Anthony Walsh 0-0: Fly out, F4 (Popup, 4D)
Bottom of the 8th over - 4 run(s), 2 hit(s), 1 error(s), 1 left on base; Providence 1 - Texas Christian 7
TOP OF THE 9TH
Providence Friars batting - Pitching for Texas Christian Horned Frogs : RHP Barry Mitchell
Now at C: Stan Davis
Now at 3B: Russell Ewing
Batting: RHB Dan Rivera 0-0: Called Strike
0-1: Swinging Strike
0-2: Ball
1-2: Strikes out swinging
Batting: LHB Jorge Hernández 0-0: Ball
1-0: Ball
2-0: Called Strike
2-1: Foul Ball, location: 2F
2-2: Strikes out swinging
Batting: LHB Arnold Stewart 0-0: Called Strike
0-1: Ball
1-1: Foul Ball, location: 2F
1-2: Foul Ball, location: 2F
1-2: Foul Ball, location: 2F
1-2: Ball
2-2: Strikes out swinging
Top of the 9th over - 0 run(s), 0 hit(s), 0 error(s), 0 left on base; Providence 1 - Texas Christian 7
Monday, December 5th, 2016 - OOTP Baseball 17.12 Build 75